 Dungeon Crawl Stone Soup version 0.28.0-43-g3370ac3207 (webtiles) character file.

Game seed: 16306751456144828578

1591 sanboga the Chopper (level 8, -4/51 HPs)
             Began as a Gargoyle Fighter on Mar 2, 2022.
             Slain by a steam dragon (7 damage)
             ... on level 6 of the Dungeon.
             The game lasted 00:09:30 (7474 turns).

sanboga the Chopper (Gargoyle Fighter)              Turns: 7474, Time: 00:09:33

Health: -4/51      AC: 28    Str: 21    XL:     8   Next: 93%
Magic:  8/8        EV:  5    Int: 12    God:
Gold:   168        SH:  9    Dex:  9    Spells: 7/7 levels left

rFire   . . .      SeeInvis .   a - +0 war axe
rCold   . . .      Faith    .   f - +0 kite shield
rNeg    + . .      Spirit   .   o - +0 plate armour
rPois   ∞          Reflect  .   k - +1 helmet
rElec   +          Harm     .   c - +0 cloak
rCorr   .          Rampage  .   u - +0 pair of gloves
Will    .....                   r - +0 pair of boots
Stlth   ..........              n - amulet of the acrobat
HPRegen 0.17/turn               m - +4 ring of protection
MPRegen 0.11/turn               (no ring)

@: unable to read
A: sickness immunity, AC +5, negative energy resistance 1, electricity
resistance, torment resistance 1, petrification resistance, clever 1, inability
to read while threatened, MP-powered wands
a: no special abilities


You were on level 6 of the Dungeon.
You visited 1 branch of the dungeon, and saw 6 of its levels.

You collected 168 gold pieces.

Inventory:

Hand Weapons
 a - a +0 war axe (weapon)
 g - a +2 dagger of flaming
Armour
 c - a +0 cloak (worn)
 f - a +0 kite shield (worn)
 k - a +1 helmet (worn)
 o - a +0 plate armour (worn)
 r - a +0 pair of boots (worn)
 u - a +0 pair of gloves (worn)
Jewellery
 m - a +4 ring of protection (left hand)
 n - an amulet of the acrobat (around neck)
 x - a ring of willpower
Scrolls
 b - 2 scrolls of blinking
 e - a scroll of fog
 h - a scroll of noise {unknown}
 s - 2 scrolls of enchant weapon {unknown}
 t - a scroll of silence
 v - a scroll of magic mapping {unknown}
 w - a scroll of summoning {unknown}
Potions
 d - 3 potions of might
 i - 2 potions of berserk rage
 l - 2 potions of haste {unknown}
 p - a potion of degeneration {unknown}
 q - 2 potions of ambrosia {unknown}


   Skills:
 + Level 6.2 Fighting
 * Level 6.5 Axes
 + Level 6.3 Armour
 + Level 6.2 Shields


You had 7 spell levels left.
You didn't know any spells.
Your spell library contained the following spells:

 Spells                   Type           Power      Damage    Failure   Level
 Foxfire                  Conj/Fire      0%         2x1d4     100%        1
 Ensorcelled Hibernation  Hex/Ice        0%         N/A       100%        2
 Conjure Flame            Conj/Fire      0%         6-21      100%        3
 Inner Flame              Hex/Fire       0%         N/A       100%        3
 Spider Form              Tmut/Pois      0%         N/A       100%        3
 Anguish                  Hex/Necr       0%         N/A       100%        4
 Flame Wave               Conj/Fire      0%         2d4       100%        4


Dungeon Overview and Level Annotations

Branches:
Dungeon (6/15)
 Temple: D:4-7

Altars:
Nemelex Xobeh
Ru

Shops:
D:6 :


Innate Abilities, Weirdness & Mutations

You are immune to sickness and miasma.
Your stone body is resilient. (AC +5)
You are immune to poison.
You resist negative energy. (rN+)
You are resistant to electric shocks. (rElec)
You are resistant to unholy torment.
You are immune to petrification.
Your mind is acute. (Int +2)
You sometimes lose the ability to read scrolls when taking damage.
You expend magic power (3 MP) to strengthen your wands.


Message History

The steam dragon is moderately wounded.
You are engulfed in a cloud of scalding steam.
You block the steam dragon's attack. The steam dragon barely misses you.
You closely miss the steam dragon.
The steam dragon is moderately wounded.
You are engulfed in a cloud of scalding steam.
The steam dragon bites you but does no damage.
You block the steam dragon's attack.
You closely miss the steam dragon.
The steam dragon is moderately wounded.
You block the steam dragon's attack. x3
The steam dragon claws you but does no damage.
You hit the steam dragon.
The steam dragon is heavily wounded.
The steam dragon breathes steam at you.
The ball of steam hits you but does no damage.
You closely miss the steam dragon.
The steam dragon is heavily wounded.
You are engulfed in a cloud of scalding steam.
You block the steam dragon's attack.
The steam dragon claws you but does no damage.
You barely miss the steam dragon.
The steam dragon is heavily wounded.
You are engulfed in a cloud of scalding steam.
The steam dragon bites you but does no damage.
The steam dragon claws you but does no damage.
The steam dragon bites you but does no damage.
The steam dragon claws you but does no damage.
You closely miss the steam dragon.
The steam dragon is heavily wounded.
You are engulfed in a cloud of scalding steam.
* * * LOW HITPOINT WARNING * * *
You block the steam dragon's attack. x2
It was a potion of mutation.
You feel extremely strange.
You lose the ability to read scrolls when threatened.
You feel your magical essence link to the dungeon's wands.
You feel clever. The steam dragon bites you!
You feel threatened and lose the ability to read scrolls!
You die...

#........# #
#........# #
##....#### #
#.##.###
#(##...##
##.####).#
#..# ##.## #
##########.##
#..# #
#...D@....§#
##.###
#.##.#####.#
##!.... #.#
### #......
... #######
..⌠.. .#...##
#.##.## # #.#
#.#


You could see a steam dragon.

Vanquished Creatures
  Eustachio (D:5)
  A black bear (D:5)
  2 ogres (D:5)
  2 phantoms
  Blork the orc (D:6)
  2 water moccasin zombies
  9 wights
  A bullfrog zombie (D:6)
  A jelly (D:5)
  An orc priest (D:4)
  A gnoll shaman (D:4)
  5 iguanas
  A hound skeleton (D:5)
  Robin (D:3)
  4 adders
  14 gnolls
  An ufetubus (D:5)
  A worm (D:3)
  A dart slug (D:1)
  5 orcs
  5 bats
  3 endoplasms
  3 giant cockroaches
  15 goblins
  9 hobgoblins
  3 quokkas
  2 ball pythons (D:3)
  5 frilled lizards
  5 kobolds
  6 rats
111 creatures vanquished.

Notes
Turn   | Place    | Note
-------+----------+-------------------------------------------
     0 | D:1      | sanboga the Gargoyle Fighter began the quest for the Orb.
     0 | D:1      | Reached XP level 1. HP: 14/14 MP: 1/1
   285 | D:1      | Reached XP level 2. HP: 18/19 MP: 2/2
   455 | D:1      | Found a faded altar of an unknown god.
  1250 | D:2      | Reached XP level 3. HP: 22/23 MP: 3/3
  2009 | D:3      | Reached XP level 4. HP: 14/29 MP: 4/4
  2390 | D:3      | Noticed Robin
  2420 | D:3      | Killed Robin
  3526 | D:4      | Reached XP level 5. HP: 33/33 MP: 5/5
  4418 | D:5      | Entered Level 5 of the Dungeon
  4658 | D:5      | Noticed Eustachio
  4674 | D:5      | Killed Eustachio
  4675 | D:5      | Reached XP level 6. HP: 15/39 MP: 6/6
  4915 | D:5      | Reached XP level 7. HP: 13/44 MP: 7/7
  5312 | D:5      | Reached skill level 5 in Armour
  5422 | D:5      | Found a sacrificial altar of Ru.
  5423 | D:5      | Found a sparkling altar of Nemelex Xobeh.
  5505 | D:5      | Reached skill level 5 in Fighting
  5505 | D:5      | Reached skill level 5 in Shields
  5512 | D:5      | HP: 1/44 [ogre/+0 giant spiked club (11)]
  5518 | D:5      | Reached skill level 5 in Axes
  6025 | D:5      | Reached XP level 8. HP: 49/49 MP: 8/8
  6257 | D:6      | Noticed Blork the orc
  6272 | D:6      | Killed Blork the orc
  6959 | D:6      | Found Ironoposk's Book Emporium.
  7474 | D:6      | Gained mutation: You sometimes lose the ability to read
                  | scrolls when taking damage. [potion of mutation]
  7474 | D:6      | Gained mutation: You expend magic power (3 MP) to
                  | strengthen your wands. [potion of mutation]
  7474 | D:6      | Gained mutation: Your mind is acute. (Int +2) [potion of
                  | mutation]
  7474 | D:6      | Slain by a steam dragon

Illustrated notes

Levels and vault maps discovered:
D:1:      dpeg_arrival_subterranean_lakeside_camping, layout_basic,
          shapermc_ecumenical_altar_venn
D:2:      layout_basic
D:3:      layout_loops_corners, st_stairs_4, roderic_lattice_a, uniq_robin
D:4:      layout_loops_corners
D:5:      layout_gridville, amethyst_overflow_temple_binary, uniq_eustachio
D:6:      layout_rooms, serial_shops, nicolae_shop_hallway_plus,
          chequers_serial_rivers_small_a, minmay_misc_feat_tower,
          abandoned_shop, minmay_misc_feat_columns, uniq_blork_the_orc

Skill      XL: |  1  2  3  4  5  6  7  8 |
---------------+-------------------------+-----
Axes           | 2 3 4 5 6 |  6.5
Armour         | 4 5 6 |  6.3
Fighting       | 4 5 6 |  6.2
Shields        | 4 5 6 |  6.2

Action                   |  1- 3 |  4- 6 |  7- 9 || total
-------------------------+-------+-------+-------++-------
Melee: War axe           |    92 |   114 |   217 ||   423
  Use: Potion            |     2 |     3 |     1 ||     6
       Scroll            |     1 |     3 |     4 ||     8
Armor: Scale mail        |    57 |    42 |       ||    99
       Chain mail        |       |    54 |    37 ||    91
       Plate armour      |       |       |   158 ||   158
Dodge: Dodged            |    34 |    40 |    62 ||   136
Block: Buckler           |     3 |       |       ||     3
       Kite shield       |    38 |    69 |   123 ||   230
